AoeStats
← Bob_The_Nob

Golden Pit

510073296Analyzed
1v1 RM · 3d ago on Sep 29, 2026· 61m 39s· 2 players
Game mode
Random Map
Map size
Tiny (2 player)
Population
200
Speed
Normal
Resources
Standard
Victory
Conquest
Starting age
Dark Age
Ending age
Imperial Age
RankedLock teamsTeams togetherTeam positionsShared explorationLock speedFull tech treeHidden civsTurbo modeCheats
Victory
Defeat
🇬🇧 Tupi · United Kingdom
513
+11
🇫🇷 Portuguese · France
406
-11
sAYsLaYEr
11:41 Feudal Age
16:17 Wheelbarrow
20:58 Loom
25:13 Castle Age
27:14 Crossbowman
27:59 Thumb Ring
27:21 Elite Skirmisher
33:46 Horse Collar
33:57 Double-Bit Axe
36:37 Arson
36:26 Pikeman
42:06 Imperial Age
39:59 Hand Cart
39:30 Town Watch
46:21 Onager
46:56 Arbalester
49:15 Husbandry
49:25 Bloodlines
48:39 Light Cavalry
50:55 Stone Mining
50:55 Gold Mining
52:30 Chemistry
51:56 Ballistics
51:52 Masonry
51:53 Fortified Wall
57:12 Guilds
57:59 Cavalier
Bob_The_Nob
0:47 Loom
10:13 Feudal Age
10:47 Town Watch
13:47 Wheelbarrow
17:42 Horse Collar
18:15 Double-Bit Axe
27:11 Castle Age
25:07 Fletching
25:18 Padded Archer Armor
30:01 Hand Cart
29:46 Bodkin Arrow
30:07 Leather Archer Armor
30:01 Heavy Plow
31:46 Gold Mining
32:09 Bow Saw
31:51 Stone Mining
33:24 Gold Shaft Mining
38:40 Imperial Age
40:10 Elite Blackwood Archer
42:31 Two-Man Saw
41:45 Bracer
42:44 Ring Archer Armor
45:08 Curare
51:24 Conscription
52:21 Town Patrol
55:54 Murder Holes
56:26 Ballistics
57:13 Chemistry
Connection lost

Rejoining the realm…

Still unreachable

The connection could not be restored.

Session expired

The server has moved on; the page needs a fresh start.